 Dungeon Crawl Stone Soup version 0.30-a0-570-g486de37d69 (webtiles) character file.

Game seed: 1378705201224737142

11865 kae the Transmogrifier (level 11, -1/86 HPs)
             Began as a Demonspawn Transmuter on Dec 29, 2022.
             Was a Believer of Ru.
             Succumbed to a killer bee's poison
             ... on level 9 of the Dungeon.
             The game lasted 00:12:15 (10383 turns).

kae the Transmogrifier (Demonspawn Transmuter)     Turns: 10383, Time: 00:12:15

Health: -1/86      AC: 11    Str: 12    XL:     11   Next: 54%
Magic:  22/23      EV: 10    Int: 17    God:    Ru [**....]
Gold:   494        SH:  5    Dex: 14    Spells: 16/26 levels left

rFire   x . .      SeeInvis .      - Unarmed
rCold   + + +      Faith    .    (shield currently unavailable)
rNeg    . . .      Spirit   .    (body armour currently unavailable)
rPois   +          Reflect  +    (helmet unavailable)
rElec   .          Harm     .    (cloak currently unavailable)
rCorr   .          Rampage  .    (gloves currently unavailable)
Will    .....                    (boots currently unavailable)
Stlth   +                        k - amulet of reflection
HPRegen 0.34/turn                F - ring of protection from fire
MPRegen 0.18/turn                C - ring of ice

@: lethally poisoned (-1 -> -9), ice-form
A: freezing attack, amphibious, boosted hp, large, (antennae 3), rugged brown
scales 1, foul stench 2, icemail 1, hated by all, condensation shield
a: End Transformation, Renounce Religion


You were on level 9 of the Dungeon.
You worshipped Ru.
Ru was pleased with you.
You were a creature of crystalline ice.
You visited 2 branches of the dungeon, and saw 11 of its levels.
You also visited: Sewer and Bailey.

You collected 494 gold pieces.


Innate Abilities, Weirdness & Mutations

You are a creature of crystalline ice.
You have a powerful freezing melee attack.
You are amphibious.
Your maximum health is increased.
Your armour is entirely melded.
You are incapable of wielding weapons or throwing items.
((You have a pair of large antennae on your head. (SInv)))
(You are partially covered in rugged brown scales. (AC +1, +3% HP))
You sometimes emit foul miasma when damaged in melee.
A meltable icy envelope protects you from harm. (AC +0)
You are hated by all.
A meltable shield of frost defends you. (SH +0)


   Skills:
 - Level 1.0 Fighting
 - Level 1.7 Dodging
 + Level 8.2 Unarmed Combat
 + Level 8.0 Spellcasting
 * Level 11.0 Transmutations
 + Level 7.1 Ice Magic
 - Level 1.5 Poison Magic


You had 16 spell levels left.
You knew the following spells:

 Your Spells              Type           Power      Damage    Failure   Level
a - Beastly Appendage     Tmut           88%        N/A       1%          1
b - Wereblood             Tmut           44%        N/A       1%          2
c - Spider Form           Tmut/Pois      28%        N/A       2%          3
d - Ice Form              Ice/Tmut       54%        N/A       2%          4

Your spell library contained the following spells:

 Spells                   Type           Power      Damage    Failure   Level
 Apportation              Tloc           12%        N/A       11%         1
 Blink                    Tloc           12%        N/A       16%         2
 Scorch                   Fire           12%        2d6       16%         2
 Alistair's Intoxication  Tmut/Pois      18%        N/A       22%         5
 Inner Flame              Hex/Fire       6%         N/A       30%         3
 Portal Projectile        Hex/Tloc       12%        N/A       30%         3
 Anguish                  Hex/Necr       3%         N/A       71%         4
 Cause Fear               Hex            3%         N/A       71%         4
 Flame Wave               Conj/Fire      6%         2d5       71%         4
 Fulminant Prism          Conj/Hex       3%         3d5       71%         4
 Manifold Assault         Tloc           6%         N/A       71%         4
 Storm Form               Tmut/Air       12%        N/A       100%        7
 Discord                  Hex            3%         N/A       100%        8
 Summon Cactus Giant      Summ           Unusable   N/A       N/A         6

Inventory:

Missiles
 h - 90 stones
 l - 15 poisoned darts
 s - 2 throwing nets {=f!f}
 y - 6 boomerangs
Armour
 a - a +0 robe (melded)
 g - a +0 pair of gloves (melded)
   (You found it on level 1 of the Dungeon)
 i - a +2 hat
   (You found it on level 1 of the Dungeon)
Magical Staves
 j - a staff of conjuration {!a}
   (You found it on level 2 of the Dungeon)
 B - a staff of cold {!a}
   (You found it on level 8 of the Dungeon)
Jewellery
 k - an amulet of reflection (around neck)
   (You found it on level 1 of the Dungeon)
 C - a ring of ice (right front paw)
   (You found it on level 6 of the Dungeon)
 F - a ring of protection from fire (left front paw)
   (You found it on level 7 of the Dungeon)
Wands
 r - a wand of flame (9)
   (You found it on level 4 of the Dungeon)
 z - a wand of polymorph (4)
   (You found it on level 9 of the Dungeon)
 G - a wand of roots (6)
   (You found it on level 9 of the Dungeon)
Scrolls
 c - 3 scrolls of enchant armour
 n - a scroll of poison {!r}
 p - 5 scrolls of magic mapping {!r}
 q - 2 scrolls of blinking {!r}
 w - a scroll of teleportation {@r4}
 A - 2 scrolls of brand weapon
 D - a scroll of fog
 E - a scroll of vulnerability {!r!r}
 H - a scroll of identify {@r1}
Potions
 b - 4 potions of heal wounds {@q2}
 d - 3 potions of haste {@q3}
 e - 2 potions of berserk rage {unknown}
 f - 2 potions of attraction {unknown}
 m - 4 potions of might
 o - 6 potions of curing {@q1}
 t - 2 potions of cancellation
 u - 4 potions of mutation {unknown}
 v - 2 potions of degeneration {unknown}
 x - a potion of flight {unknown}

Dungeon Overview and Level Annotations

Branches:
Dungeon (10/15) Zot: 26874  Temple (1/1) D:7 Zot: 5916    Lair (0/5) D:8
  Sewer (visited)          Bailey (visited)
    Orc: D:9-12

Altars:
Ashenzari
Cheibriados
Dithmenos
Gozag
Kikubaaqudgha
Makhleb
Nemelex Xobeh
Okawaru
Qazlal
Ru
Sif Muna
Trog
Uskayaw
Vehumet
Wu Jian
Xom

Shops:
D:3 =

Annotations:
D:6 2 transporters, funaii's ghost, novice MiBe
D:8 2 transporters, Armakuni's ghost, novice HuFi
D:9 Joseph

####.# #.### ##.....## ##.##.#
#.#.## ##.......#
###...#.########....####.........
.......................'.........
##......########....####.........
#.##.##.## #.#.## ##.......#
.######..# #.##### ##.....## .#
#.....# #y@y..# ##...##
.###.###.# #Y###.# ##'##
#.##.##.## #W# #.# ##.##
##.#.#.## ###.###.# ####...#
......## #.......# #^.....###
##.#.## #.###.#.# #.........
...#.# #.# #.#.# #.#.....#.
##.#.# #.# #.#<###.##...##.
##.#.# #.###[......###.....
.....# #.......###.#######.


You could see Joseph, a wraith and 2 killer bees.


Message History

You take 17 damage, and now have 26/86 hp.
You hit the killer bee. You freeze the killer bee.
You kill the killer bee!
The centaur shoots an arrow.
The arrow hits you.
* * * LOW HITPOINT WARNING * * *
The arrow melts you.
* * * LOW HITPOINT WARNING * * *
The wyvern barely misses you.
The killer bee is engulfed in dark miasma.
The killer bee looks even sicker.
The killer bee stings you but does no damage. 😨 HP[-4]
You take 4 damage, and now have 22/86 hp.
The killer bee is no longer moving slowly.
A shadow comes into view.
An orc comes into view. It is wielding a +0 trident.
The killer bee is engulfed in dark miasma.
The killer bee looks even sicker.
You see here a killer bee corpse.
You pummel the killer bee!! You freeze the killer bee.
You kill the killer bee!
The killer bee is engulfed in dark miasma.
The killer bee looks as sick as possible!
The killer bee seems to slow down.
The killer bee stings you.
* * * LOW HITPOINT WARNING * * *
You are poisoned.
The killer bee poisons you!
A wraith comes into view.
An orc wizard comes into view. It is wielding a +0 dagger.
The killer bee is engulfed in dark miasma.
The killer bee looks as sick as possible!
The killer bee seems to slow down.
You kill the killer bee! 😱 HP[-2]
You take 2 damage, and now have 20/86 hp.
You miss the killer bee.
You feel very sick. The killer bee closely misses you.
The orc wizard casts a spell.
The orc wizard flickers and vanishes!
Deactivating autopickup; reactivate with Ctrl-A.
The killer bee barely misses you. 😱 HP[-2] MP[+1]
You take 2 damage, and now have 18/86 hp.
Okay, then.
You miss the killer bee.
The sentinel's mark upon you fades away.
You feel sick.
You kill the wyvern!
The killer bee barely misses you.
Joseph, a Mercenary comes into view.
He is wielding a +0 quarterstaff and carrying a wand of paralysis (5).
The killer bee stings you.
* * * LOW HITPOINT WARNING * * *
The killer bee stings you.
* * * LOW HITPOINT WARNING * * *
You pummel the killer bee!! You freeze the killer bee.
You kill the killer bee!
* * * LOW HITPOINT WARNING * * *
You feel sick. The killer bee misses you.
A yak comes into view.
An orc comes into view. It is wielding a +0 whip. 😱 HP[-12]
You take 12 damage, and now have 6/86 hp.
Okay, then.
You feel much better.
You feel sick. The killer bee stings you.
* * * LOW HITPOINT WARNING * * *
The killer bee completely misses you. The killer bee closely misses you.
The killer bee stings you but does no damage.
The wraith hits you but does no damage.
A puff of flame appears from out of thin air!
The puff of flame hits you! The fire burns you terribly!
* * * LOW HITPOINT WARNING * * *
😱 HP[+6]
You regained 6 hp, and now have 12/86 hp.
You feel sick. The killer bee stings you.
* * * LOW HITPOINT WARNING * * *
The killer bee stings you but does no damage. x2
You block the wraith's attack.
A wraith comes into view.
There is a stone staircase leading up here.
Things that are here:
a killer bee corpse; a killer bee corpse 😱 HP[-4]
You take 4 damage, and now have 8/86 hp.
You feel sick. The killer bee stings you.
* * * LOW HITPOINT WARNING * * *
The killer bee stings you.
* * * LOW HITPOINT WARNING * * *
You are lethally poisoned!
The killer bee poisons you!
You emit a cloud of foul miasma!
You redirect the centaur's attack!
The centaur shoots an arrow.
The arrow hits the killer bee.
The arrow burns the killer bee.
The killer bee stings you.
* * * LOW HITPOINT WARNING * * *
The killer bee is engulfed in dark miasma.
The killer bee is poisoned.
The killer bee barely misses you. The wraith hits you but does no damage.
Joseph hits you but does no damage.
You climb upwards.
Reactivating autopickup.
You die...

Skill      XL: |  1  2  3  4  5  6  7  8  9 10 11 |
---------------+----------------------------------+-----
Transmutations | 2 3 4 5 7 8 10 11 | 11.0
Unarmed Combat | 3 4 5 6 7 8 |  8.2
Poison Magic   | 1 |  1.5
Spellcasting   | 3 4 5 6 7 8 |  8.0
Ice Magic      | 1 2 3 5 6 7 |  7.1
Fighting       | |  1.0
Dodging        | |  1.7

Action                   |  1- 3 |  4- 6 |  7- 9 | 10-12 || total
-------------------------+-------+-------+-------+-------++-------
Melee: Unarmed           |   136 |   197 |   295 |   305 ||   933
       Kick              |    23 |    28 |     3 |       ||    54
       Headbutt          |    12 |       |       |       ||    12
       Punch             |     3 |     1 |       |       ||     4
 Cast: Beastly Appendage |    25 |    25 |     1 |     1 ||    52
       Spider Form       |     2 |     8 |    12 |       ||    22
       Wereblood         |     1 |     2 |     3 |     8 ||    14
       Ice Form          |       |       |    14 |    30 ||    44
Invok: Sacrifice Love    |       |       |       |     1 ||     1
Evoke: Wand              |       |       |       |     6 ||     6
  Use: Scroll            |     4 |     7 |     2 |     3 ||    16
       Potion            |       |     1 |     2 |     2 ||     5
 Stab: Sleeping          |       |     1 |     1 |       ||     2
Armor: Robe              |    31 |    22 |    17 |     1 ||    71
       Skin              |     1 |     2 |    86 |   159 ||   248
Dodge: Dodged            |   105 |   122 |   159 |   154 ||   540
Block: Other             |    28 |    39 |   169 |   133 ||   369
       Reflection        |       |       |     3 |     8 ||    11

Levels and vault maps discovered:
D:1:      dpeg_arrival_tiny_f, layout_basic, minmay_unequal
D:2:      layout_basic, basic_altar, uniq_terence
D:3:      layout_loops_ring, grunt_temple_overflow_opulence, serial_shops, shop,
          hex_tiny, minivault_14, st_stairs_3
D:4:      layout_basic, nicolae_underground_beach
D:5:      layout_loops_ring
D:6:      layout_loops_cross, portal_sewer_entry_b, gammafunk_ghost_arena
D:7:      layout_rooms, minmay_temple_entry_glassed_door, grunt_ministairs_13
D:8:      layout_gridville, erik_lair_island, gammafunk_ghost_wrathful_warriors,
          enter_bailey_5
D:9:      layout_loops_corners, nicolae_overflow_hallway_of_the_gods,
          minmay_fountain_box
D:10:     layout_cave_pools, orc_0_dummy, st_stairs_11,
          nicolae_transmutations_shop, nicolae_good_shop, uniq_josephine,
          uniq_joseph
Temple:   cyrus_circular_temple

Notes
Turn   | Place    | Note
-------+----------+-------------------------------------------
     0 | D:1      | kae the Demonspawn Transmuter began the quest for the Orb.
     0 | D:1      | Reached XP level 1. HP: 15/15 MP: 3/3
     0 | D:1      | magus.rc [v1.11.3]
   134 | D:1      | Reached skill level 2 in Transmutations
   296 | D:1      | Gained mutation: A meltable shield of frost defends you.
                  | (SH +0) [demonic ancestry]
   296 | D:1      | Reached XP level 2. HP: 17/21 MP: 3/5
   570 | D:1      | Reached skill level 3 in Unarmed Combat
   660 | D:1      | Gained mutation: You may rarely emit foul miasma when
                  | damaged in melee. [demonic ancestry]
   660 | D:1      | Reached XP level 3. HP: 19/26 MP: 6/6
   671 | D:1      | Learned a level 2 spell: Wereblood
   675 | D:1      | Learned a level 3 spell: Spider Form
  1427 | D:2      | HP: 6/26 [gnoll/+0 spear (4)]
  1428 | D:2      | HP: 1/26 [gnoll/+0 spear (6)]
  1429 | D:2      | Reached skill level 3 in Transmutations
  1429 | D:2      | Gained mutation: You have a pair of small antennae on your
                  | head. [demonic ancestry]
  1429 | D:2      | Reached XP level 4. HP: 1/32 MP: 1/7
  1435 | D:2      | Reached skill level 1 in Poison Magic
  1532 | D:2      | Found a bloodstained altar of Trog.
  1661 | D:2      | Identified the +6 hand axe of the Scavenger {flame,
                  | Will+++}
  1819 | D:2      | Noticed Terence
  1826 | D:2      | Killed Terence
  2085 | D:3      | Reached XP level 5. HP: 32/37 MP: 7/9
  2109 | D:3      | You fall into a shaft and drop 2 floors!
  2109 | D:5      | Entered Level 5 of the Dungeon
  2212 | D:5      | Reached skill level 3 in Spellcasting
  2674 | D:4      | Reached skill level 4 in Transmutations
  2674 | D:4      | Reached XP level 6. HP: 30/43 MP: 4/11
  2690 | D:4      | Learned a level 4 spell: Ice Form
  3558 | D:3      | Found Baumobul's Jewellery Shoppe.
  3759 | D:3      | Found a sparkling altar of Nemelex Xobeh.
  3759 | D:3      | Found an opulent altar of Gozag.
  3823 | D:3      | You add the spells Portal Projectile, Fulminant Prism,
                  | Anguish and Cause Fear to your library.
  3823 | D:3      | Got the Lessons on Interference
  4164 | D:5      | Reached skill level 4 in Unarmed Combat
  4164 | D:5      | Reached skill level 1 in Ice Magic
  4169 | D:5      | Gained mutation: You are partially covered in rugged brown
                  | scales. (AC +1, +3% HP) [demonic ancestry]
  4169 | D:5      | Reached XP level 7. HP: 43/49 MP: 9/12
  4647 | D:6      | HP: 9/49 [water moccasin (7)]
  4653 | D:6      | Reached skill level 5 in Transmutations
  4862 | D:6      | Noticed a cyclops
  4866 | D:6      | Noticed funaii's ghost (novice MiBe)
  4877 | D:6      | Reached skill level 4 in Spellcasting
  4882 | D:6      | Reached skill level 2 in Ice Magic
  4884 | D:6      | Found a transporter.
  4945 | D:6      | Gained mutation: A meltable icy envelope protects you from
                  | harm. (AC +0) [demonic ancestry]
  4945 | D:6      | Reached XP level 8. HP: 41/55 MP: 8/14
  4950 | D:6      | Found a glowing drain.
  4976 | Sewer    | Entered a sewer
  5308 | Sewer    | Reached skill level 6 in Transmutations
  5475 | D:6      | Reached skill level 5 in Unarmed Combat
  5475 | D:6      | Reached skill level 3 in Ice Magic
  5582 | D:6      | Found a transporter.
  5711 | D:6      | Reached skill level 5 in Spellcasting
  6127 | D:7      | Reached skill level 7 in Transmutations
  6138 | D:7      | Gained mutation: You sometimes emit foul miasma when
                  | damaged in melee. [demonic ancestry]
  6138 | D:7      | Reached XP level 9. HP: 20/60 MP: 13/17
  6313 | D:7      | You pick up a book of Party Tricks and begin reading...
  6313 | D:7      | You add the spells Apportation and Alistair's Intoxication
                  | to your library.
  6352 | D:7      | Found a staircase to the Ecumenical Temple.
  6412 | D:7      | Reached skill level 4 in Ice Magic
  6438 | Temple   | Entered the Ecumenical Temple
  6508 | Temple   | Became a worshipper of Ru the Awakened
  6623 | D:7      | You pick up a book of Scorching and begin reading...
  6623 | D:7      | You add the spells Scorch, Flame Wave and Summon Cactus
                  | Giant to your library.
  6713 | D:7      | Reached skill level 6 in Unarmed Combat
  6791 | D:7      | Reached skill level 8 in Transmutations
  6797 | D:7      | Reached skill level 6 in Spellcasting
  7007 | D:8      | Reached skill level 5 in Ice Magic
  7016 | D:8      | Gained mutation: You have a pair of antennae on your head.
                  | [demonic ancestry]
  7016 | D:8      | Reached XP level 10. HP: 66/66 MP: 15/19
  7029 | D:8      | Found a flagged portal.
  7040 | Bailey   | Entered a bailey
  7119 | Bailey   | Reached skill level 9 in Transmutations
  7291 | Bailey   | Noticed Prince Ribbit
  7300 | Bailey   | Killed Prince Ribbit
  7309 | Bailey   | Reached skill level 7 in Unarmed Combat
  7386 | Bailey   | Noticed a vault guard
  7432 | Bailey   | Killed a vault guard
  7433 | Bailey   | Reached skill level 7 in Spellcasting
  7563 | Bailey   | Noticed a vault guard
  7575 | Bailey   | Killed a vault guard
  7576 | Bailey   | Reached skill level 6 in Ice Magic
  7671 | D:8      | Reached skill level 10 in Transmutations
  7938 | D:8      | Gained mutation: You have a pair of large antennae on your
                  | head. (SInv) [demonic ancestry]
  7938 | D:8      | Reached XP level 11. HP: 72/72 MP: 17/22
  7997 | D:8      | Found a staircase to the Lair.
  8331 | D:8      | Noticed a green ugly thing
  8343 | D:8      | Killed a green ugly thing
  8738 | D:8      | Found a transporter.
  8754 | D:8      | Found a bloodstained altar of Trog.
  8754 | D:8      | Noticed Armakuni's ghost (novice HuFi)
  8766 | D:8      | Found a transporter.
  8991 | D:9      | Noticed a two-headed ogre
  9000 | D:9      | Killed a two-headed ogre
  9327 | D:9      | Identified the +2 robe "Ybbief" {rPois rN+ Dex+7}
  9333 | D:9      | Identified the +9 battleaxe "Lidael" {antimagic, rF+}
  9810 | D:9      | Found a radiant altar of Vehumet.
  9812 | D:9      | Found an ornate altar of the Wu Jian Council.
  9849 | D:9      | Found an ancient bone altar of Kikubaaqudgha.
  9891 | D:9      | Found a snail-covered altar of Cheibriados.
  9891 | D:9      | Found a burning altar of Makhleb.
  9898 | D:9      | Found a shimmering altar of Xom.
  9909 | D:9      | Reached skill level 8 in Unarmed Combat
  9939 | D:9      | You pick up a book of Hexes and begin reading...
  9939 | D:9      | You add the spells Inner Flame and Discord to your library.
  9945 | D:9      | You add the spells Blink, Manifold Assault and Storm Form
                  | to your library.
  9946 | D:9      | Gained mutation: You are hated by all. [Ru sacrifice]
  9946 | D:9      | Reached * piety under Ru
  9946 | D:9      | Reached ** piety under Ru
 10254 | D:10     | Entered Level 10 of the Dungeon
 10272 | D:10     | Reached skill level 7 in Ice Magic
 10281 | D:10     | Reached skill level 8 in Spellcasting
 10281 | D:10     | Reached skill level 11 in Transmutations
 10376 | D:10     | HP: 20/86 [killer bee (2)]
 10378 | D:10     | Noticed Joseph
 10378 | D:10     | HP: 8/86 [killer bee (6)]
 10382 | D:10     | HP: 3/86 [killer bee (2)]
 10382 | D:10     | HP: 1/86 [killer bee (2)]
 10383 | D:9      | Succumbed to a killer bee's poison

Vanquished Creatures
  2 vault guards (Bailey)
  A two-headed ogre (D:9)
  An ugly thing (D:8)
  A gargoyle (D:10)
  2 trolls
  A hornet (D:7)
  Prince Ribbit (Bailey)
  A wraith (D:9)
  2 wyverns
  5 humans (Bailey)
  6 yaks
  A vampire mosquito (D:10)
  2 steam dragons (D:9)
  3 water moccasins
  3 black bears (D:6)
  3 ice beasts
  2 sky beasts (D:7)
  4 orc warriors
  An ogre (D:7)
  2 wolves (D:8)
  3 centaurs
  A phantom (D:6)
  2 kobold brigands
  15 bullfrogs
  A gnoll sergeant (D:9)
  A necrophage (D:8)
  4 scorpions
  13 wights
  21 killer bees
  4 electric eels (D:8)
  8 hounds
  3 jellies
  A gnoll bouda (D:4)
  4 orc priests
  An iguana (D:5)
  7 orc wizards
  Terence (D:2)
  14 gnolls
  8 adders
  5 river rats
  A worm (D:4)
  3 dart slugs
  20 orcs
  21 ball pythons
  13 endoplasms
  2 giant cockroaches (D:6)
  12 goblins
  10 hobgoblins
  6 quokkas
  8 bats
  7 frilled lizards
  18 kobolds
  29 rats
311 creatures vanquished.

Vanquished Creatures (others)
  3 kobolds (D:8)
3 creatures vanquished.

Grand Total: 314 creatures vanquished

Table legend:
 A = Non-vault XP
 B = Vault XP
 C = Vault XP percentage of total XP
 D = Non-vault monster count
 E = Vault monster count
 F = Vault count percentage of total count
                 A         B        C        D         E       F
            +---------+---------+-------+---------+---------+-------
      Total |   10717 |    6233 |  36.8 |     205 |     106 |  34.1
            +---------+---------+-------+---------+---------+-------
        D:1 |      48 |       6 |  11.1 |      28 |       4 |  12.5
        D:2 |     105 |      36 |  25.5 |      25 |       1 |   3.8
        D:3 |     135 |      15 |  10.0 |      24 |       1 |   4.0
        D:4 |     157 |       1 |   0.6 |      15 |       1 |   6.2
        D:5 |     299 |       0 |   0.0 |       9 |       0 |   0.0
        D:6 |    1366 |      32 |   2.3 |      14 |       6 |  30.0
        D:7 |    1829 |     193 |   9.5 |      16 |       8 |  33.3
        D:8 |    2996 |     748 |  20.0 |      33 |      12 |  26.7
        D:9 |    2844 |       0 |   0.0 |      32 |       0 |   0.0
       D:10 |     938 |     768 |  45.0 |       9 |       3 |  25.0
      Sewer |       0 |     303 | 100.0 |       0 |      45 | 100.0
     Bailey |       0 |    4131 | 100.0 |       0 |      25 | 100.0
            +---------+---------+-------+---------+---------+-------

Illustrated notes

Table legend:
 A = Kills in this place as a percentage of kills in entire the game.
 B = Kills by you in this place as a percentage of kills by you in the entire game.
 C = Kills by friends in this place as a percentage of kills by friends in the entire game.
 D = Other kills in this place as a percentage of other kills in the entire game.
 E = Experience gained in this place as a percentage of experience gained in the entire game.
 F = Experience gained in this place divided by the number of levels of this place that you have seen.
                   A       B       C       D       E      F
               +-------+-------+-------+-------+-------+----------------------
         Total | 100.0 | 100.0 |   N/A |   N/A | 100.0 | 1303.8
       Dungeon |  77.5 |  77.5 |   N/A |   N/A |  73.8 | 1251.6
         Sewer |  14.5 |  14.5 |   N/A |   N/A |   1.8 | 303.0
        Bailey |   8.0 |   8.0 |   N/A |   N/A |  24.4 | 4131.0
               +-------+-------+-------+-------+-------+----------------------

Table legend: (Time is in decaauts)
 A = Elapsed time spent in this place.
 B = Non-inter-level travel time spent in this place.
 C = Inter-level travel time spent in this place.
 D = Time resting spent in this place.
 E = Time spent auto-exploring this place.
 F = Levels seen in this place.
 G = Mean time per level.
                   A        B        C        D        E       F      G
               +--------+--------+--------+--------+--------+-----+--------+
         Total |  10336 |  10030 |    306 |    555 |   7386 |  13 |  795.1 |
       Dungeon |   9250 |   8957 |    293 |    474 |   6810 |  10 |  925.0 |
        Temple |     83 |     71 |     12 |      0 |     42 |   1 |   83.0 |
         Sewer |    444 |    444 |      0 |     58 |    192 |   1 |  444.0 |
        Bailey |    558 |    558 |      0 |     23 |    341 |   1 |  558.0 |
               +--------+--------+--------+--------+--------+-----+--------+

Top non-repeatable levels by time:
     D:9: 1358 daAuts
     D:8: 1315 daAuts
     D:2: 1112 daAuts
     D:6: 1065 daAuts
     D:1: 949 daAuts
     D:4: 914 daAuts
     D:3: 879 daAuts
     D:7: 777 daAuts
     D:5: 752 daAuts
  Bailey: 558 daAuts
   Sewer: 444 daAuts
    D:10: 125 daAuts
  Temple: 83 daAuts
